Map: Ghost River LE

Players

Maleficent

  • Race: Protoss Protoss
  • League: Diamond
  • Spawn Location: 1:00

DaSaltBai - Winner!

  • Race: Protoss Protoss
  • League: Diamond
  • Spawn Location: 11:00

VOD

Have the link to the VOD?

Description

Time

  • Played on: Oct. 13, 2024, 3:33 p.m.
  • Length: 10:56
Show
View Real Time Build Order
Export as new Build Order

Maleficent Protoss 

Build Orders:  

Get SALT Encoding   

  12  0:01  Probe  
  13  0:13  Probe  
  14  0:20  Pylon  
  14  0:25  Probe  
  15  0:38  Gateway  
  15  0:40  Assimilator  
  15  0:43  Probe (Chrono Boost)  
  16  0:55  Probe (Chrono Boost)  
  17  1:00  Probe (Chrono Boost)  
  18  1:09  Probe  
  19  1:13  Assimilator  
  19  1:26  Zealot (Chrono Boost), Cybernetics Core  
  21  1:45  Zealot (Chrono Boost)  
  23  2:08  Shield Battery  
  23  2:25  Stalker (Chrono Boost)  
  19  2:52  Stalker (Chrono Boost)  
  21  3:24  Nexus  
  21  3:56  Probe  
  22  4:03  Warp Gate (Chrono Boost)  
  22  4:09  Probe  
  23  4:18  Pylon  
  23  4:37  Stalker  
  25  4:41  Probe  
  25  4:42  Probe  
  27  4:51  Assimilator  
  27  4:53  Probe  
  27  4:54  Probe  
  29  5:04  Gateway  
  29  5:08  Gateway  
  29  5:12  Probe x2  
  31  5:24  Probe  
  31  5:25  Probe  
  33  5:34  Pylon  
  33  5:36  Probe  
  33  5:37  Probe  
  35  5:48  Probe  
  35  5:49  Probe  
  33  5:58  Stalker  
  33  6:01  Shield Battery  
  33  6:03  Stalker x2  
  39  6:08  Pylon  
  39  6:11  Probe  
  39  6:12  Probe  
  41  6:23  Forge  
  41  6:26  Stalker  
  41  6:28  Stalker x2  
  47  6:33  Probe (Chrono Boost)  
  49  6:41  Probe (Chrono Boost)  
  49  6:43  Probe (Chrono Boost)  
  50  6:47  Robotics Facility  
  50  6:48  Probe (Chrono Boost)  
  51  6:56  Photon Cannon  
  51  6:58  Probe  
  51  6:59  Probe  
  53  7:06  Stalker x3  
  59  7:13  Probe x2  
  61  7:16  Assimilator  
  61  7:17  Protoss Ground Weapons Level 1 (Chrono Boost)  
  61  7:25  Probe  
  62  7:31  Pylon  
  62  7:33  Pylon  
  62  7:38  Photon Cannon  
  62  7:41  Pylon  
  62  7:49  Probe  
  55  7:59  Stalker x3  
  46  8:23  Sentry, Zealot x2  
  39  8:40  Probe  
  38  8:45  Zealot  
  36  8:50  Zealot x2  
  34  9:01  Pylon  
  28  9:13  Zealot  
  20  9:34  Pylon  
  14  9:42  Zealot  
  13  9:55  Probe (Chrono Boost)  
  7  10:07  Pylon  
  7  10:08  Zealot  
Show
View Real Time Build Order
Export as new Build Order

DaSaltBai Protoss - Winner!

Build Orders:  

Get SALT Encoding   

  12  0:13  Probe (Chrono Boost)  
  13  0:16  Pylon  
  13  0:25  Probe (Chrono Boost)  
  13  0:27  Assimilator  
  14  0:42  Forge  
  14  0:46  Probe  
  15  0:58  Probe  
  16  1:10  Probe  
  17  1:20  Pylon  
  17  1:31  Pylon  
  17  1:35  Pylon  
  17  1:36  Pylon  
  17  1:37  Pylon  
  16  1:49  Photon Cannon  
  16  1:53  Gateway  
  16  1:59  Photon Cannon  
  16  2:02  Pylon  
  16  2:11  Pylon  
  16  2:15  Photon Cannon  
  16  2:18  Pylon  
  16  2:29  Pylon  
  16  2:40  Probe (Chrono Boost)  
  16  2:43  Pylon  
  17  2:50  Probe (Chrono Boost)  
  18  2:51  Photon Cannon  
  18  2:54  Pylon  
  18  2:55  Probe (Chrono Boost)  
  18  3:18  Photon Cannon  
  18  3:19  Photon Cannon  
  18  3:23  Probe (Chrono Boost), Gateway  
  19  3:32  Probe (Chrono Boost), Zealot  
  22  3:37  Probe (Chrono Boost)  
  23  3:52  Assimilator  
  23  4:06  Probe  
  24  4:14  Cybernetics Core  
  24  4:18  Pylon, Probe  
  25  4:30  Probe  
  26  4:38  Pylon  
  26  4:42  Gateway  
  26  4:43  Probe  
  27  4:51  Sentry (Chrono Boost), Robotics Facility  
  29  4:58  Warp Gate  
  29  5:10  Pylon  
  29  5:13  Sentry  
  31  5:29  Sentry  
  31  5:33  Pylon  
  33  5:38  Immortal (Chrono Boost)  
  35  6:00  Nexus  
  35  6:09  Sentry  
  37  6:13  Immortal (Chrono Boost)  
  37  6:18  Sentry (Chrono Boost)  
  43  6:32  Pylon  
  43  6:46  Immortal  
  47  6:49  Stalker  
  49  6:55  Stalker  
  51  7:04  Shield Battery  
  51  7:35  Stalker x2  
  37  8:35  Stalker x2  
  37  8:36  Immortal  
  41  9:16  Immortal  
  41  9:36  Stalker x2  
  45  9:55  Immortal  
  49  10:23  Stalker  
  49  10:24  Stalker  
Tags
 
Add a new tag
Caveats
  • Supply blocks, unpowered buildings, or Contaminate may cause inaccurate times.
  • Supply counts are checked every 10 seconds.